 Dungeon Crawl Stone Soup version 0.24.0-28-g17ded55e90 (webtiles) character file.

Game seed: 12742263901535641771, levelgen mode: deterministic

4778 Delamore the Severer (level 10, -1/77 HPs)
             Began as a Hill Orc Fighter on Nov 13, 2019.
             Was a Priest of Okawaru.
             Slain by a death yak (12 damage)
             ... on level 8 of the Dungeon.
             The game lasted 00:09:06 (8588 turns).

Delamore the Severer (Hill Orc Fighter)             Turns: 8588, Time: 00:09:06

Health: -1/77      AC: 10    Str: 23    XL:     10   Next: 47%
Magic:  10/10      EV:  7    Int:  8    God:    Okawaru [***...]
Gold:   345        SH:  9    Dex: 12    Spells: 9/9 levels left

rFire    . . .     SeeInvis +   u - +0 hand axe (flame)
rCold    . . .     Gourm    .   c - +0 shield
rNeg     + . .     Faith    .   b - +0 scale mail
rPois    .         Spirit   .   t - +1 hat {SInv}
rElec    .         Reflect  .   x - +0 cloak
rCorr    .         Harm     .   r - +0 pair of gloves
MR       .....                  (no boots)
Stlth    ..........             (no amulet)
HPRegen  0.22/turn              l - +2 ring of dexterity
MPRegen  0.12/turn              E - ring of positive energy (curse)

@: no status effects
A: no striking features
a: Heroism, Renounce Religion


You were on level 8 of the Dungeon.
You worshipped Okawaru.
Okawaru was most pleased with you.
You were not hungry.

You visited 2 branches of the dungeon, and saw 9 of its levels.

You collected 345 gold pieces.

Inventory:

Hand Weapons
 a - a +0 war axe
 u - a +0 hand axe of flaming (weapon)
Missiles
 o - 2 datura-tipped darts (quivered)
 B - 7 curare-tipped darts
Armour
 b - a +0 scale mail (worn)
 c - a +0 shield (worn)
 r - a +0 pair of gloves (worn)
 t - a +1 hat of see invisible (worn)
 x - a +0 cloak (worn)
Jewellery
 l - a +2 ring of dexterity (left hand)
 y - an uncursed ring of poison resistance
 C - an uncursed ring of protection from cold
 E - a cursed ring of positive energy (right hand)
Wands
 h - a wand of iceblast (21)
Scrolls
 e - 2 scrolls of immolation {unknown}
 g - 2 scrolls of fog {unknown}
 i - 9 scrolls of teleportation
 j - 6 scrolls of remove curse
 m - a scroll of fear {unknown}
 n - a scroll of enchant armour {unknown}
 p - 2 scrolls of magic mapping {unknown}
 v - a scroll of brand weapon {unknown}
Potions
 d - 4 potions of might
 k - 2 potions of agility
 q - a potion of haste {unknown}
 s - 2 potions of ambrosia {unknown}
 w - 4 potions of curing {unknown}
 z - a potion of mutation {unknown}
 A - 3 potions of brilliance {unknown}
Comestibles
 f - 13 rations


   Skills:
 - Level 3.6 Fighting
 + Level 18.1 Axes
 - Level 3.2 Armour
 - Level 3.2 Shields


You had 9 spell levels left.
You didn't know any spells.
Your spell library was empty.

Dungeon Overview and Level Annotations

Branches:
Dungeon (8/15)             Temple (1/1) D:6            Lair (0/6) D:8

Altars:
Ashenzari
Cheibriados
Dithmenos
Elyvilon
Fedhas
Gozag
Hepliaklqana
Makhleb
Nemelex Xobeh
Okawaru
Ru
Sif Muna
Trog
Uskayaw
Vehumet
Wu Jian
Xom
Yredelemnul
Zin
The Shining One


Message History

You completely miss the death yak. The death yak gores you!
* * * LOW HITPOINT WARNING * * *
You hit the death yak. You burn the death yak.
The death yak is lightly wounded.
You block the death yak's attack.
You hit the death yak but do no damage.
The death yak is lightly wounded.
You feel less wooden.
Your +0 cloak unmelds from your body.
Your +1 hat of see invisible unmelds from your body.
Your +0 pair of gloves unmelds from your body.
Your +0 scale mail unmelds from your body.
You feel perceptive. The death yak gores you!
* * * LOW HITPOINT WARNING * * *
You hit the death yak but do no damage.
The death yak is lightly wounded.
Your shield prevents you from hitting the death yak.
The death yak is lightly wounded.
The death yak gores you!
You die...

........>. #.# ...#####..
. #.# #..8 .. '..
.#######... .. #.#
..........) . #. #.#
#######..). ...#. #.#
#..#.
.>..ly####.##########..##
...KyyYY@............#.#
....ryy###.#########.#.#
.#..Kr# #.# #.......#
.....K #.# #.###.###
..... #.#####+#....#
#.... #............##
##.. #............<## #..
#...............
#.........######


You could see 2 death yaks, a big kobold, a hell rat, 5 killer bees, a leopard
gecko, a quokka and a kobold.

Vanquished Creatures
  A death yak (D:8)
  The ghost of Delamore the Cleaver, a novice HOFi (D:7)
  A hippogriff (D:4)
  2 ice beasts
  2 orc warriors
  A sky beast (D:5)
  A phantom (D:7)
  7 ogres
  A wolf (D:8)
  4 centaurs
  A big kobold (D:7)
  A bullfrog (D:6)
  A scorpion (D:5)
  A wyvern skeleton (D:7)
  4 killer bees (D:4)
  7 wights (D:7)
  4 howler monkeys
  4 crimson imps (D:7)
  A centaur zombie (D:7)
  3 hounds
  A jelly (D:5)
  2 orc priests
  11 orc wizards
  A gnoll shaman (D:7)
  Jessica (D:2)
  3 iguanas
  4 worker ants
  A hound skeleton (D:7)
  A howler monkey zombie (D:5)
  2 worker ant zombies
  6 adders
  3 gnolls (D:7)
  2 shadow imps
  A white imp (D:8)
  4 oozes
  2 worms
  2 dart slugs
  2 leopard geckos (D:1)
  25 orcs
  A ball python (D:4)
  3 giant cockroaches
  8 goblins
  5 hobgoblins
  9 jackals
  A quokka (D:7)
  5 bats
  2 frilled lizards
  15 kobolds
  A leopard gecko skeleton (D:6)
  2 quokka skeletons
  3 rats
177 creatures vanquished.

Vanquished Creatures (others)
  An orc wizard (D:8)
1 creature vanquished.

Grand Total: 178 creatures vanquished

Notes
Turn   | Place    | Note
-------+----------+-------------------------------------------
     0 | D:1      | Delamore the Hill Orc Fighter began the quest for the Orb.
     0 | D:1      | Reached XP level 1. HP: 19/19 MP: 1/1
    13 | D:1      | Reached skill level 3 in Axes
    25 | D:1      | Reached XP level 2. HP: 22/26 MP: 2/2
    74 | D:1      | Reached skill level 4 in Axes
   280 | D:1      | Reached XP level 3. HP: 30/31 MP: 3/3
   332 | D:2      | Reached skill level 5 in Axes
   424 | D:2      | Noticed Jessica
   429 | D:2      | Killed Jessica
   429 | D:2      | Reached XP level 4. HP: 39/39 MP: 4/4
   478 | D:2      | Reached skill level 6 in Axes
   849 | D:2      | Found a sacrificial altar of Ru.
   849 | D:2      | Found an opulent altar of Gozag.
  1449 | D:3      | Reached XP level 5. HP: 45/45 MP: 5/5
  1558 | D:3      | Reached skill level 7 in Axes
  1563 | D:3      | Found a burning altar of Makhleb.
  2134 | D:4      | Reached skill level 8 in Axes
  2134 | D:4      | Reached XP level 6. HP: 35/51 MP: 6/6
  2347 | D:4      | Reached skill level 9 in Axes
  2831 | D:4      | Noticed a hippogriff
  2844 | D:4      | Killed a hippogriff
  2844 | D:4      | Reached skill level 10 in Axes
  2844 | D:4      | Reached XP level 7. HP: 43/57 MP: 7/7
  3061 | D:4      | Found a white marble altar of Elyvilon.
  3081 | D:4      | HP: 4/85 [poisoned by a killer bee]
  3086 | D:4      | HP: 1/85 [poisoned by a killer bee]
  3362 | D:4      | Found a basalt altar of Yredelemnul.
  3582 | D:5      | Entered Level 5 of the Dungeon
  3629 | D:5      | Reached skill level 11 in Axes
  3711 | D:5      | Found a blossoming altar of Fedhas.
  3797 | D:5      | Reached XP level 8. HP: 53/64 MP: 8/8
  3975 | D:5      | Reached skill level 12 in Axes
  4498 | D:5      | Reached skill level 13 in Axes
  4804 | D:6      | Found a burning altar of Makhleb.
  5089 | D:6      | Found a hazy altar of Hepliaklqana.
  5145 | D:6      | Reached skill level 14 in Axes
  5145 | D:6      | Reached XP level 9. HP: 46/70 MP: 9/9
  5171 | D:6      | Found a staircase to the Ecumenical Temple.
  5185 | Temple   | Entered the Ecumenical Temple
  5283 | Temple   | Became a worshipper of Warmaster Okawaru
  6131 | D:7      | Reached skill level 15 in Axes
  6401 | D:7      | Reached * piety under Okawaru
  6727 | D:7      | Reached skill level 16 in Axes
  7145 | D:7      | Noticed Delamore's ghost (novice HOFi)
  7148 | D:7      | Found a runed translucent door.
  7205 | D:7      | Reached ** piety under Okawaru
  7425 | D:7      | Reached XP level 10. HP: 65/77 MP: 10/10
  7782 | D:7      | Killed Delamore's ghost
  7782 | D:7      | Reached skill level 17 in Axes
  8549 | D:8      | Noticed a death yak
  8550 | D:8      | Noticed a death yak
  8551 | D:8      | Found a staircase to the Lair.
  8551 | D:8      | Noticed a death yak
  8565 | D:8      | Identified the +1 leather armour of the Vestibule of Hell
                  | {rF+ MR- Int+4}
  8580 | D:8      | Killed a death yak
  8580 | D:8      | Reached *** piety under Okawaru
  8580 | D:8      | Reached skill level 18 in Axes
  8588 | D:8      | Slain by a death yak

Levels and vault maps discovered:
D:1:      dpeg_arrival_simpleton_c, layout_rooms, grunt_decor_fettered
D:2:      layout_basic, gammafunk_temple_overflow_wave, uniq_jessica
D:3:      layout_basic, first_ration, makhleb_blood_cavern_becter
D:4:      layout_basic, elyvilon_altar_5, yredelemnul_altar_generic
D:5:      layout_loops_ring, fedhas_ov_isle_minmay
D:6:      layout_cave_pools, nicolae_overflow_hidden_temple,
          minmay_temple_entry_sparse_star, basic_altar, grunt_tough_drop
D:7:      layout_layer_cave, hellmonk_ghost_happy_afterlife
D:8:      layout_basic, dpeg_lair_monsters, serial_ice, serial_ice_c,
          serial_ice_a, serial_ice_o, serial_ice_h
Temple:   regret_index_temple_waves

Skill      XL: |  1  2  3  4  5  6  7  8  9 10 |
---------------+-------------------------------+-----
Axes           | 3 4 5 6 8 10 11 14 16 18 | 18.1
Fighting       | |  3.6
Armour         | |  3.2
Shields        | |  3.2

Action                   |  1- 3 |  4- 6 |  7- 9 | 10-12 || total
-------------------------+-------+-------+-------+-------++-------
Melee: War axe           |    72 |    70 |       |       ||   142
       Hand axe          |       |    60 |   507 |   117 ||   684
Throw: Dart              |       |       |     1 |       ||     1
Invok: Heroism           |       |       |       |     1 ||     1
  Use: Scroll            |       |     2 |       |       ||     2
       Potion            |       |       |     3 |     3 ||     6
  Eat: Chunk             |       |     6 |    11 |     1 ||    18
       Ration            |       |       |     1 |     1 ||     2
Armor: Scale mail        |    29 |    70 |   110 |    24 ||   233
       Skin              |       |       |    13 |     5 ||    18
Dodge: Dodged            |    35 |    36 |    88 |     6 ||   165
Block: Shield            |    43 |    84 |   171 |    34 ||   332
